AoeStats
← Pielover757

Nomad

510285676Analyzed
4v4 RM · 2d ago on Sep 30, 2026· 62m 45s· 8 players
Game mode
Random Map
Map size
231×231
Population
200
Speed
Normal
Resources
Standard
Victory
Conquest
Starting age
Dark Age
Ending age
Imperial Age
RankedLock teamsTeams togetherTeam positionsShared explorationLock speedFull tech treeHidden civsTurbo modeCheats
Victory
Defeat
🇨🇳 Huns · China
1668
+15
🇿🇦 Vietnamese · South Africa
1660
+16
🇦🇺 Persians · Australia
1652
+16
🇳🇿 Italians · New Zealand
1553
+20
🇯🇵 Khmer · Japan
1782
-22
🇨🇳 Mongols · China
1760
-21
🇨🇳 Georgians · China
1575
-14
🇨🇳 Persians · China
1476
-10
ResonanceFreq
11:26 Loom
13:29 Feudal Age
13:53 Town Watch
14:02 Double-Bit Axe
14:00 Fishing Lines
16:49 Castle Age
18:21 Bow Saw
18:30 Horse Collar
19:48 Light Cavalry
22:45 Heavy Plow
24:35 Wheelbarrow
23:48 Loom
28:43 Imperial Age
26:07 Gold Mining
26:50 Hand Cart
27:58 Gold Shaft Mining
27:30 Scale Barding Armor
27:35 Forging
28:49 Cavalier
29:50 Chain Barding Armor
30:07 Bloodlines
29:57 Husbandry
31:16 Plate Barding Armor
30:58 Savar
33:14 Plate Barding Armor
33:15 Iron Casting
33:44 Conscription
36:15 Blast Furnace
37:24 Crop Rotation
37:56 Two-Man Saw
44:26 Masonry
44:52 Hoardings
44:27 Citadels
45:37 Murder Holes
46:13 Architecture
46:12 Fletching
46:48 Bodkin Arrow
47:16 Ballistics
47:56 Chemistry
51:50 Stone Mining
52:53 Hussar
ImprovingYeti
5:59 Loom
14:41 Feudal Age
16:34 Forging
18:27 Castle Age
18:22 Double-Bit Axe
19:23 Medium Warships
21:12 Iron Casting
23:40 Fletching
24:19 Fishing Lines
24:54 Bodkin Arrow
27:23 Wheelbarrow
30:21 Wheelbarrow
32:21 Gold Mining
32:21 Stone Mining
32:45 Gillnets
32:52 Town Watch
36:38 Imperial Age
35:06 Padded Archer Armor
35:34 Bow Saw
35:05 Horse Collar
36:01 Stone Shaft Mining
36:08 Hand Cart
37:10 Leather Archer Armor
37:07 Elite Genoese Crossbowman
38:28 Conscription
39:04 Ballistics
39:44 Chemistry
39:13 Conscription
39:43 Bracer
41:10 Ring Archer Armor
42:08 Thumb Ring
44:50 Bombard Tower
44:42 Masonry
44:27 Murder Holes
45:53 Hoardings
46:54 Architecture
46:20 Murder Holes
51:44 Treadmill Crane
52:11 Town Patrol
53:40 Heavy Plow
54:41 Two-Man Saw
59:02 Caravan
小白
2:57 Loom
14:30 Feudal Age
18:08 Castle Age
17:51 Scale Barding Armor
18:21 Double-Bit Axe
19:55 Bow Saw
20:36 Chain Barding Armor
24:39 Husbandry
24:50 Bloodlines
25:45 Forging
30:43 Horse Collar
33:06 Wheelbarrow
38:00 Imperial Age
35:49 Marauders
36:37 Iron Casting
37:38 Gold Mining
38:07 Elite Tarkan
39:56 Plate Barding Armor
40:07 Conscription
41:36 Blast Furnace
43:45 Hand Cart
43:51 Fletching
44:42 Bodkin Arrow
45:31 Bracer
45:53 Ballistics
46:33 Chemistry
45:46 Heavy Cavalry Archer
46:52 Parthian Tactics
46:33 Thumb Ring
47:05 Padded Archer Armor
48:08 Two-Man Saw
47:45 Gold Shaft Mining
47:01 Stone Mining
48:34 Leather Archer Armor
51:07 Guilds
Pielover757
5:14 Loom
14:15 Feudal Age
14:47 Town Watch
14:56 Double-Bit Axe
18:15 Forging
20:24 Castle Age
19:40 Gold Mining
20:07 Fishing Lines
21:33 Medium Warships
22:23 Iron Casting
24:48 Sanctity
25:40 Fletching
28:11 Padded Archer Armor
31:55 Gillnets
33:15 Bodkin Arrow
35:06 Wheelbarrow
38:25 Imperial Age
37:18 Leather Archer Armor
38:40 Scale Mail Armor
39:11 Bracer
40:38 Ring Archer Armor
40:52 Paper Money
41:51 Ballistics
44:09 Pikeman
46:14 Halberdier
59:55 Bow Saw
62:33 Caravan
happy gay
9:19 Loom
9:58 Loom
12:42 Feudal Age
15:33 Castle Age
14:13 Double-Bit Axe
19:00 Bow Saw
27:11 Horse Collar
31:41 Wheelbarrow
31:48 Town Watch
33:36 Gold Mining
38:51 Imperial Age
36:26 Husbandry
36:49 Hand Cart
37:54 Gold Shaft Mining
37:10 Stone Mining
39:02 Heavy Scorpion
39:44 Double Crossbow
40:48 Chemistry
40:29 Conscription
39:39 Capped Ram
40:01 Light Cavalry
40:52 Bloodlines
41:33 Scale Barding Armor
41:38 Forging
41:24 Hussar
43:16 Ballistics
43:41 Chain Barding Armor
44:10 Siege Engineers
47:03 Plate Barding Armor
47:03 Iron Casting
46:34 Fletching
56:46 Hoardings
59:01 Heavy Plow
61:33 Siphons
61:18 Heated Shot
62:00 Masonry
61:55 Bodkin Arrow
63:05 Blast Furnace
爱人跟人走
12:55 Feudal Age
16:40 Castle Age
16:08 Fishing Lines
16:14 Double-Bit Axe
17:19 Loom
17:46 Bow Saw
17:27 Gillnets
18:12 Fletching
18:50 Bodkin Arrow
18:53 Gold Mining
23:22 Ballistics
23:23 Padded Archer Armor
26:39 Gold Shaft Mining
28:22 Wheelbarrow
31:14 Imperial Age
29:45 Town Watch
32:01 Elite Mangudai
33:49 Bracer
36:11 Leather Archer Armor
37:08 Chemistry
49:34 Horse Collar
54:44 Conscription
55:07 Nomads
57:00 Fortified Wall
57:23 Hand Cart
58:06 Husbandry
58:18 Thumb Ring
60:07 Coinage
60:32 Bloodlines
61:11 Parthian Tactics
60:44 Murder Holes
逝
5:26 Loom
13:19 Feudal Age
14:07 Double-Bit Axe
14:35 Town Watch
17:30 Wheelbarrow
18:01 Gold Mining
22:35 Castle Age
21:13 Stone Mining
23:29 Bow Saw
24:40 Horse Collar
32:40 Hand Cart
38:24 Imperial Age
36:29 Scale Barding Armor
36:35 Forging
38:53 Svan Towers
39:09 Chain Barding Armor
40:40 Conscription
40:57 Plate Barding Armor
41:00 Iron Casting
41:00 Heavy Plow
41:54 Bloodlines
41:44 Husbandry
41:48 Elite Monaspa
43:54 Blast Furnace
47:49 Aznauri Cavalry
49:07 Hoardings
55:41 Pikeman
56:06 Gambesons
56:07 Arson
56:23 Squires
57:43 Light Cavalry
58:33 Fletching
60:02 Treadmill Crane
60:48 Ballistics
60:15 Arrowslits
Boar
9:40 Loom
13:13 Feudal Age
13:48 Double-Bit Axe
13:54 Fishing Lines
15:38 Town Watch
18:30 Castle Age
17:05 Horse Collar
19:33 Bow Saw
19:47 Heavy Plow
20:29 Wheelbarrow
22:41 Gold Mining
25:06 Scale Barding Armor
25:11 Forging
25:26 Hand Cart
26:10 Gold Shaft Mining
26:28 Chain Barding Armor
28:57 Iron Casting
28:51 Husbandry
29:01 Bloodlines
31:31 Imperial Age
31:11 Cavalier
32:29 Plate Barding Armor
32:48 Conscription
33:01 Stone Mining
32:46 Savar
34:30 Blast Furnace
34:02 Guilds
35:17 Heavy Camel Rider
44:59 Two-Man Saw
44:33 Crop Rotation
45:33 Capped Ram
47:00 Siege Ram
51:20 Fletching
51:43 Masonry
51:54 Ballistics
52:05 Caravan
52:06 Bodkin Arrow
Connection lost

Rejoining the realm…

Still unreachable

The connection could not be restored.

Session expired

The server has moved on; the page needs a fresh start.